Map: Dusk Towers

Players

Miedziany

  • Race: Terran Terran
  • League: Master

Miszu - Winner!

  • Race: Terran Terran
  • League: Master

VOD

Have the link to the VOD?

Description

Time

  • Played on: March 29, 2016, 6:02 p.m.
  • Length: 4:14
Show
View Real Time Build Order
Export as new Build Order

Miedziany Terran 

Build Orders: Reaper Expand 

Get SALT Encoding   

  12  0:02  SCV  
  14  0:14  SCV  
  14  0:19  Supply Depot  
  14  0:26  SCV  
  15  0:40  SCV  
  16  0:43  Barracks  
  16  0:50  Refinery  
  16  0:53  SCV  
  17  1:05  SCV  
  18  1:17  SCV  
  19  1:34  Reaper  
  19  1:35  Orbital Command  
  20  1:54  Command Center  
  20  2:01  SCV  
  21  2:04  Supply Depot  
  21  2:07  Barracks Reactor  
  21  2:17  SCV  
  21  2:22  Barracks  
  23  2:30  SCV  
  23  2:37  Factory  
  23  2:41  Refinery  
  23  2:42  SCV  
  24  2:45  Marine  
  24  2:46  Marine  
  26  2:54  SCV  
  27  3:05  Orbital Command  
  27  3:08  SCV  
  27  3:09  Marine x2  
  27  3:10  Barracks Tech Lab  
  29  3:23  Hellion  
  29  3:27  Marine x2  
  29  3:31  Marine  
  29  3:33  SCV x2  
  26  3:44  Marine x2  
  21  3:48  SCV  
  21  3:49  Marine  
  21  3:53  SCV  
Show
View Real Time Build Order
Export as new Build Order

Miszu Terran - Winner!

Build Orders: 1/1/1 

Get SALT Encoding   

  12  0:00  SCV  
  13  0:13  SCV  
  14  0:17  Supply Depot  
  14  0:25  SCV  
  15  0:35  Refinery  
  15  0:39  SCV  
  16  0:45  Barracks  
  16  0:51  SCV  
  17  1:03  SCV  
  18  1:07  Refinery  
  18  1:15  SCV  
  19  1:27  SCV  
  20  1:34  Factory  
  20  1:40  Orbital Command  
  20  1:44  Reaper  
  21  1:49  Supply Depot  
  21  2:06  SCV  
  22  2:16  Reaper  
  22  2:18  Starport  
  22  2:19  Hellion  
  22  2:22  SCV  
  26  2:28  Supply Depot  
  26  2:34  SCV  
  27  2:41  Hellion  
  29  2:46  SCV  
  29  2:48  Barracks Tech Lab  
  32  2:58  SCV  
  32  3:02  Supply Depot  
  32  3:05  Hellion  
  33  3:10  SCV  
  34  3:12  Banshee  
  36  3:36  SCV  
  37  3:42  Hellion  
  39  3:48  Command Center, SCV  
  42  4:00  SCV  
Tags
 
Add a new tag
Caveats
  • Supply blocks, unpowered buildings, or Contaminate may cause inaccurate times.
  • Supply counts are checked every 10 seconds.